 Dungeon Crawl Stone Soup version 0.17-a0-1741-gd5e8965 (webtiles) character file.

27596 shakdrar the Covert (level 13, -2/65 HPs)
             Began as a Vine Stalker Assassin on Aug 31, 2015.
             Was the Champion of Kikubaaqudgha.
             Slain by a cyan ugly thing (12 damage)
             ... on level 14 of the Dungeon.
             The game lasted 01:59:33 (15640 turns).

shakdrar the Covert (Vine Stalker Assassin)        Turns: 15640, Time: 01:59:33

Health: -2/65      AC:  8    Str: 19    XL:     13   Next: 33%
Magic:  0/23       EV: 23    Int:  8    God:    Kikubaaqudgha [******]
Gold:   1131       SH:  7    Dex: 20    Spells: 3 memorised, 17 levels left

rFire  x . .     SeeInvis .     a - +5 dagger (pain)
rCold  + + .     Clarity  +     K - +2 robe of Iptufo {rF- rC+ Str+4}
rNeg   . . .     SustAt   .     Z - +1 buckler
rPois  +         Gourm    .     T - +4 helmet of the Countless Lies {+Blink rPois Int-3 Stlth+}
rElec  .         Spirit   +     d - +1 cloak
rCorr  .         Warding  .     y - +2 pair of gloves
rMut   .         Stasis   .     j - +1 pair of boots
MR     +....                    I - amulet of clarity
Stlth  +++++++...               t - +2 ring of evasion
                                q - ring of protection from cold

@: corroded equipment, somewhat resistant to hostile enchantments, extremely
stealthy
A: fangs 3, regeneration 3, magic shield, antimagic bite, no device heal 3, rot
immunity
a: Receive Corpses, Torment, Renounce Religion, Evoke Blink


You were on level 14 of the Dungeon.
You worshipped Kikubaaqudgha.
Kikubaaqudgha was exalted by your worship.
You were hungry.

You visited 3 branches of the dungeon, and saw 19 of its levels.
You also visited: Ice Cave.

You collected 1131 gold pieces.

Inventory:

Hand weapons
 a - a +5 dagger of pain (weapon)
 b - a +0 blowgun
 s - a +1 demon whip of draining
Missiles
 e - 71 poisoned needles
 f - a curare-tipped needle
 p - 4 needles of paralysis
Armour
 c - a +0 robe
 d - a +1 cloak (worn)
 j - a +1 pair of boots (worn)
 y - a +2 pair of gloves (worn)
 K - the +2 robe of Iptufo (worn) {rF- rC+ Str+4}
   (You found it in an ice cave)

   It affects your strength (+4).
   It makes you vulnerable to fire.
   It protects you from cold.
 T - the +4 helmet of the Countless Lies (worn) {+Blink rPois Int-3 Stlth+}
   (You found it on level 10 of the Dungeon)

   It affects your intelligence (-3).
   It protects you from poison.
   It lets you blink.
   It makes you more stealthy.
 Z - a +1 buckler (worn)
Jewellery
 k - a +4 ring of protection
 q - a ring of protection from cold (left hand)
 t - a +2 ring of evasion (right hand)
 A - an uncursed ring of fire
 I - an amulet of clarity (around neck)
 N - a +4 ring of dexterity
Magical devices
 r - a wand of disintegration (9)
 v - a wand of invisibility (3)
 x - a wand of digging (3)
 B - a wand of confusion (18)
 C - a wand of fire (0)
 F - a wand of cold (12)
 L - a wand of frost (7)
 M - a wand of disintegration (4)
 P - a wand of teleportation (2)
 U - a wand of slowing (28)
Scrolls
 n - 4 scrolls of teleportation
 o - 3 scrolls of magic mapping
 u - 4 scrolls of identify
 w - 2 scrolls of blinking
 z - 2 scrolls of fear
 E - 8 scrolls of remove curse
 O - a scroll of fog
 X - a scroll of enchant weapon
Potions
 h - 6 potions of curing
 m - a potion of might
 D - 2 potions of flight
 Q - 2 potions of cancellation
 R - 3 potions of agility
Books
 l - a book of Conjurations

   Spells                             Type                      Level
   a - Magic Dart                     Conjuration                  1
   b - Searing Ray                    Conjuration                  2
   c - Dazzling Spray                 Conjuration/Hexes            3
   d - Fulminant Prism                Conjuration/Hexes            4
   e - Iskenderun's Mystic Blast      Conjuration                  4
   f - Iskenderun's Battlesphere      Conjuration/Charms           5
 J - an Akashic Record

   Spells                             Type                      Level
   a - Dispersal                      Translocation                6
   b - Controlled Blink               Translocation                7
   c - Malign Gateway                 Summoning/Translocation      7
   d - Disjunction                    Translocation                8
Comestibles
 g - 5 bread rations
 i - 3 meat rations
 G - a beef jerky
 H - 11 royal jellies
 S - 20 chunks of flesh
 V - a slice of pizza


   Skills:
 + Level 6.2 Fighting
 + Level 6.6 Short Blades
 - Level 2.0 Throwing
 + Level 10.0 Dodging
 + Level 14.5 Stealth
 - Level 6.0 Shields
 - Level 6.3 Spellcasting
 - Level 6.7 Necromancy
 + Level 5.4 Evocations


You had 17 spell levels left.
You knew the following spells:

 Your Spells              Type           Power        Failure   Level  Hunger
a - Animate Skeleton      Necr           N/A          1%          1    None
b - Corpse Rot            Necr           N/A          2%          2    ##.....
c - Animate Dead          Necr           N/A          17%         4    ####...


Dungeon Overview and Level Annotations

Branches:
Dungeon (14/15)            Temple (1/1) D:6            Lair (4/8) D:10
    Orc (0/4) D:10
  Swamp: Lair:3-6    Shoals: Lair:3-6     Snake: Lair:3-6    Spider: Lair:3-6
 Vaults: D:13-14

Altars:
Cheibriados
Fedhas
Kikubaaqudgha
Nemelex Xobeh
Qazlal
Sif Muna
Vehumet
Yredelemnul

Shops:
D:11 *

Annotations:
D:3 Crazy Yiuf
D:11 Zebura's ghost, powerful HaFi
Lair:2 exclusion: oklob plant


Innate Abilities, Weirdness & Mutations

You have razor-sharp teeth.
You regenerate.
When hurt, damage is shared between your health and your magic reserves.
Your bite disrupts and absorbs the magic of your enemies.
Potions and wands cannot restore your health.
You are immune to rotting.


Message History

You completely miss the cyan ugly thing.
The cyan ugly thing is heavily wounded.
The brown ugly thing basks in the mutagenic energy from its kin and changes!
The cyan ugly thing gores you. The cyan ugly thing shocks you!
* * * LOW HITPOINT WARNING * * *
Things that are here:
a long sword; a robe The cyan ugly thing basks in the mutagenic energy from its kin and changes!
A brown ugly thing comes into view.
A brown ugly thing comes into view.
The cyan ugly thing basks in the mutagenic energy from its kin and changes! x2
The cyan ugly thing gores you!
* * * LOW HITPOINT WARNING * * *
The cyan ugly thing shocks you!
* * * LOW HITPOINT WARNING * * *
The cyan ugly thing gores you.
* * * LOW HITPOINT WARNING * * *
The cyan ugly thing shocks you!
You die...
Kikubaaqudgha rasps: "You have failed me!
Welcome... death!"

.........Z.<# .# ##
>......#)#### .# ...
######.#)# .#
#...####
#......#####.# #..
)..###...........#.
#.#
#.#.........####.#
#..##.u.#.......#
#...#.#.........#
#._%..###......@#
#..u### #.....#u#
#.#.# ##...##.# #.u.#
#..###.# ###.## #..#
#.# #...# #..# #u#
###...### #..# #.#
#..!....# #=.###z####
#.......###.u.......#


You could see 2 ugly things and a skeletal warrior.

Vanquished Creatures
  A rakshasa (D:14)
  2 hydras
  2 death yaks (Lair:3)
  An unseen horror (D:14)
  2 hill giants
  3 ugly things
  A griffon (D:13)
  2 black mambas (Lair:4)
  A spiny frog (Lair:1)
  A gargoyle (D:13)
  5 komodo dragons
  A fire drake (D:10)
  A polar bear (Lair:2)
  Grinder (D:5)
  3 blink frogs
  6 slime creatures
  A shadow (D:13)
  4 deep elf magi
  2 wyverns
  Eustachio (D:4)
  30 yaks
  2 hungry ghosts
  5 hippogriffs
  A steam dragon (D:11)
  A soldier ant (D:12)
  6 wolves (Lair:1)
  10 ice beasts
  5 porcupines
  7 water moccasins
  A black bear (shapeshifter) (D:13)
  3 orc warriors
  2 phantoms
  2 sky beasts
  5 ogres
  A wasp (D:10)
  2 big kobolds
  4 crocodiles
  3 centaurs
  7 giant frogs
  A wyvern skeleton (D:9)
  4 scorpions
  7 killer bees
  3 wights (D:8)
  6 crimson imps
  3 hounds
  A wasp zombie (D:9)
  4 jellies
  A quasit (D:10)
  2 giant frog skeletons (D:10)
  5 centaur skeletons
  6 orc priests
  16 worker ants
  9 iguanas
  13 orc wizards
  11 adders
  11 gnolls
  9 river rats
  A shadow imp (D:7)
  5 oozes (D:10)
  6 worms
  4 giant geckos
  34 orcs
  4 giant cockroaches
  9 goblins
  7 hobgoblins
  5 jackals
  20 kobolds
  2 quokkas
  4 ball pythons
  4 bats
  2 giant gecko skeletons
  10 giant newts
  2 jackal skeletons
  A quokka skeleton (D:7)
  17 rats
387 creatures vanquished.

Vanquished Creatures (collateral kills)
  A torpor snail (Lair:3)
  A spiny frog (Lair:1)
  2 komodo dragons
  2 blink frogs (D:10)
  A basilisk (Lair:3)
  A porcupine (Lair:1)
  An ice beast (D:13)
  A centaur (D:7)
  2 crocodiles
  A crimson imp (D:13)
  2 jellies
  8 river rats
  An adder (D:4)
  A shadow imp (D:6)
  3 orcs
  A quokka (D:5)
  2 kobolds (D:14)
31 creatures vanquished.

Vanquished Creatures (others)
  9 fungi
  3 plants
12 creatures vanquished.

Grand Total: 430 creatures vanquished

Notes
Turn   | Place    | Note
--------------------------------------------------------------
     0 | D:1      | shakdrar the Vine Stalker Assassin began the quest for the Orb.
     0 | D:1      | Reached XP level 1. HP: 11/11 MP: 2/2
    98 | D:1      | Reached skill level 5 in Stealth
   285 | D:1      | Reached XP level 2. HP: 15/15 MP: 3/3
   678 | D:1      | Reached skill level 1 in Dodging
   721 | D:1      | Reached XP level 3. HP: 18/18 MP: 4/4
   982 | D:2      | Reached skill level 6 in Stealth
   982 | D:2      | Reached XP level 4. HP: 23/23 MP: 5/5
  1123 | D:2      | Found an ancient bone altar of Kikubaaqudgha.
  1131 | D:2      | Became a worshipper of Kikubaaqudgha
  1306 | D:2      | Reached XP level 5. HP: 27/27 MP: 6/6
  1890 | D:3      | Found a deep blue altar of Sif Muna.
  1938 | D:3      | Acquired Kikubaaqudgha's first power
  1938 | D:3      | Received a gift from Kikubaaqudgha
  1941 | D:3      | Identified Kikubaaqudgha's Collected Works on Unholy Rituals (Kikubaaqudgha gifted it to you on level 3 of the Dungeon)
  2051 | D:3      | Reached skill level 7 in Stealth
  2170 | D:3      | Gained mutation: You heal very quickly. [Vine Stalker growth]
  2170 | D:3      | Reached XP level 6. HP: 26/32 MP: 5/7
  2199 | D:3      | Found a blossoming altar of Fedhas.
  2445 | D:3      | Acquired Kikubaaqudgha's second power
  2456 | D:3      | Noticed Crazy Yiuf
  2618 | D:4      | Reached skill level 5 in Dodging
  2618 | D:4      | Reached skill level 10 in Stealth
  2618 | D:4      | Reached skill level 5 in Spellcasting
  2618 | D:4      | Reached skill level 5 in Necromancy
  2618 | D:4      | Reached XP level 7. HP: 32/35 MP: 7/16
  2704 | D:4      | Learned a level 1 spell: Animate Skeleton
  2707 | D:4      | Learned a level 2 spell: Corpse Rot
  2848 | D:4      | Gained mutation: You have razor-sharp teeth. [Vine Stalker growth]
  2848 | D:4      | Reached XP level 8. HP: 31/39 MP: 17/17
  3091 | D:4      | Noticed Eustachio
  3116 | D:4      | Killed Eustachio
  3362 | D:4      | Your ally Eustachio died
  3499 | D:5      | Entered Level 5 of the Dungeon
  3568 | D:5      | Found a sparkling altar of Nemelex Xobeh.
  3831 | D:5      | Reached skill level 11 in Stealth
  3982 | D:5      | Noticed Grinder
  4001 | D:5      | Killed Grinder
  4155 | D:5      | Reached XP level 9. HP: 44/44 MP: 18/18
  5432 | D:6      | Found a staircase to the Ecumenical Temple.
  5438 | Temple   | Entered the Ecumenical Temple
  5682 | D:7      | Received a gift from Kikubaaqudgha
  5683 | D:7      | Identified Kikubaaqudgha's Incunabulum of Sinister Secrets (Kikubaaqudgha gifted it to you on level 7 of the Dungeon)
  5689 | D:7      | Learned a level 4 spell: Animate Dead
  6013 | D:8      | Found a sparkling altar of Nemelex Xobeh.
  6318 | D:8      | Found a basalt altar of Yredelemnul.
  7101 | D:9      | Reached XP level 10. HP: 35/49 MP: 18/20
  7701 | D:10     | Entered Level 10 of the Dungeon
  7709 | D:10     | Got a distressingly furry helmet
  7710 | D:10     | Identified the +4 helmet of the Countless Lies {+Blink rPois Int-3 Stlth+} (You found it on level 10 of the Dungeon)
  7724 | D:10     | Found a staircase to the Orcish Mines.
  7914 | D:10     | Found a staircase to the Lair.
  8004 | D:10     | Acquired Kikubaaqudgha's third power
  8004 | D:10     | Reached skill level 12 in Stealth
  8551 | Lair:1   | Entered Level 1 of the Lair of Beasts
  8767 | Lair:1   | Found a stormy altar of Qazlal.
  8857 | Lair:1   | Reached XP level 11. HP: 33/54 MP: 18/21
  9067 | Lair:1   | Noticed a five-headed hydra
  9078 | Lair:1   | Killed a five-headed hydra
  9179 | Lair:1   | Noticed a four-headed hydra
  9284 | Lair:1   | Acquired Kikubaaqudgha's fourth power
  9465 | Lair:1   | Reached skill level 1 in Shields
 10163 | Lair:2   | Found a radiant altar of Vehumet.
 10448 | Lair:2   | Reached skill level 5 in Shields
 11156 | Lair:3   | Noticed a four-headed hydra
 11165 | Lair:3   | Killed a four-headed hydra
 11331 | Lair:3   | Reached skill level 5 in Evocations
 11354 | Lair:3   | Reached skill level 5 in Fighting
 11354 | Lair:3   | Gained mutation: You regenerate. [Vine Stalker growth]
 11354 | Lair:3   | Reached XP level 12. HP: 40/60 MP: 22/22
 11711 | Lair:3   | Noticed a death yak
 11732 | Lair:3   | Noticed a death yak
 11764 | Lair:3   | Killed a death yak
 11804 | Lair:3   | Killed a death yak
 11831 | Lair:3   | Reached skill level 5 in Short Blades
 11883 | Lair:3   | Reached skill level 13 in Stealth
 12338 | Lair:4   | Noticed a catoblepas
 12344 | Lair:4   | Noticed a five-headed hydra
 13235 | D:11     | Noticed Zebura's ghost (powerful HaFi)
 13404 | D:12     | Identified a scroll of acquirement
 14038 | D:12     | Found a frozen archway.
 14049 | IceCv    | Entered an ice cave
 14090 | IceCv    | Got an ancient robe
 14098 | D:12     | Identified the +2 robe of Iptufo {rF- rC+ Str+4} (You found it in an ice cave)
 14288 | D:11     | Found Sasche's General Store.
 14479 | D:11     | Reached skill level 14 in Stealth
 14492 | D:11     | Reached XP level 13. HP: 27/65 MP: 21/23
 14560 | D:11     | Noticed a seven-headed hydra
 15226 | D:13     | Identified a +5 dagger of pain (a +3 dagger bloodied by Kikubaaqudgha)
 15226 | D:13     | Received a gift from Kikubaaqudgha
 15597 | D:14     | Found a snail-covered altar of Cheibriados.
 15619 | D:14     | Reached skill level 10 in Dodging
 15640 | D:14     | Slain by a cyan ugly thing

Vault maps used:
D:1:      minmay_arrival_three_doors
D:2:      lemuel_crystal_altar, item_on_display_a
D:3:      nicolae_overflow_hidden_temple, lemuel_blue_sif_altar,
          kennysheep_generic_room_16, uniq_crazy_yiuf_cottage
D:4:      uniq_eustachio
D:5:      first_bread, nemelex_diamond_rough_becter, uniq_grinder
D:6:      minmay_temple_entry_fiery
D:8:      nicolae_overflow_crystal_walls, nemelex_xobeh_ov_fountains_minmay,
          nrook_mini_backslash
D:10:     minmay_lair_entry_lava, orc_0_dummy, hangedman_little_slice_of_home
D:11:     serial_shops, nicolae_shop_crystal
D:12:     portal_ice_cave_entry_pillars_03
D:14:     david_vaults_5, cheibriados_altar_1, minivault_25, fedhas_altar_4
Temple:   minmay_temple_curvy_14
Lair:1:   basic_altar, beast_lair_carwin_1, lemuel_fruit_fields
Lair:2:   lemuel_oklob_altar
Lair:4:   minmay_shoals_entry_lonely_mermaid, serial_bayou_shore_b
IceCv:    ice_cave_statue_garden_01

Action                   |  1- 3 |  4- 6 |  7- 9 | 10-12 | 13-15 || total
-------------------------+-------+-------+-------+-------+-------++-------
Melee: Dagger            |    56 |   165 |   398 |  1183 |   212 ||  2014
 Fire: Blowgun           |     9 |    10 |     3 |     8 |     1 ||    31
 Cast: Animate Skeleton  |       |       |    27 |    33 |     8 ||    68
Invok: Brand Weapon With |       |       |       |       |     1 ||     1
 Abil: Evoke Blink       |       |       |       |     1 |       ||     1
Evoke: Wand              |       |       |       |    30 |     3 ||    33
  Use: Scroll            |     6 |     8 |     7 |    11 |     3 ||    35
       Potion            |     1 |     6 |     4 |     1 |       ||    12
 Stab: Sleeping          |     8 |    15 |    29 |    50 |     6 ||   108
       Distracted        |     1 |       |     3 |     8 |     1 ||    13
       Invisible         |       |       |       |     1 |       ||     1
  Eat: Meat ration       |       |     1 |       |     4 |       ||     5
       Pizza             |       |       |     2 |     1 |       ||     3
       Chunk             |       |       |     4 |       |       ||     4
       Bread ration      |       |       |     2 |     1 |       ||     3
       Beef jerky        |       |       |     1 |     1 |       ||     2
